[Event "Titled Tuesday Blitz August 15 Late 2023"]
[White "RrainlessBobot"]
[Black "djathtaspogradec"]
[WhiteElo "2558"]
[BlackElo "2483"]
[Result "1-0"]
[Round "10"]
[TimeControl "180+1"]
[Date "2023.08.15"]
[WhiteClock "0:01:24"]
[BlackClock "0:01:29"]
[Board "38"]

1. Nf3 Nf6 2. g3 e6 3. Bg2 d5 4. O-O Be7 5. d3 O-O 6. Nbd2 c5 7. e4 Nc6 8. Re1 dxe4 9. dxe4 Qc7 10. c3 b6 11. Qe2 a5 12. a4 Ba6 13. Qd1 Rfd8 14. Bf1 Bxf1 15. Kxf1 Ne5 16. Nxe5 Qxe5 17. Qe2 h5 18. Nc4 Qc7 19. e5 Qc6 20. Kg1 Nd7 21. Qxh5 b5 22. axb5 Qxb5 23. Qg4 Nf8 24. h4 a4 25. h5 Rd3 26. Bh6 g6 27. Bxf8 Kxf8 28. hxg6 fxg6 29. Qxe6 Ra6 30. Qg4 Qe8 31. Rad1 Rxd1 32. Rxd1 Kg7 33. Rd7 Kg8 34. Rxe7 Qxe7 35. Qc8+ 1-0


[Site "https://www.chess.com"]

[Event "Titled Tuesday Blitz August 15 Late 2023"]
[White "Francisco Guecamburu, Candela Be"]
[Black "Dr_Pepper18"]
[WhiteFideId "160911"]
[WhiteElo "2558"]
[BlackElo "2354"]
[Result "1-0"]
[Round "10"]
[TimeControl "180+1"]
[Date "2023.08.15"]
[WhiteClock "0:00:14"]
[BlackClock "0:00:03"]
[Board "39"]

1. e4 e6 2. d4 d5 3. Nc3 Bb4 4. e5 c5 5. Bd2 Ne7 6. a3 Bxc3 7. Bxc3 cxd4 8. Qxd4 Nbc6 9. Qg4 O-O 10. O-O-O Rb8 11. Nf3 b5 12. Bd3 Nf5 13. Qf4 a5 14. g4 b4 15. Be1 Nh4 16. Nxh4 Qxh4 17. f3 Qe7 18. axb4 Nxb4 19. h4 Na2+ 20. Kb1 Qa3 21. Qd4 Bd7 22. Ka1 Qe7 23. Kxa2 Rfc8 24. h5 Bb5 25. Bxb5 Rxb5 26. Bh4 Rc4 27. Bxe7 1-0


[Site "https://www.chess.com"]

[Event "Titled Tuesday Blitz August 15 Late 2023"]
[White "Troff, Kayden"]
[Black "Michalczak, Thomas"]
[WhiteFideId "2047896"]
[BlackFideId "4622634"]
[WhiteElo "2746"]
[BlackElo "2501"]
[Result "1-0"]
[Round "10"]
[TimeControl "180+1"]
[Date "2023.08.15"]
[WhiteClock "0:00:05"]
[BlackClock "0:00:00"]
[Board "41"]

1. d4 Nf6 2. Nf3 d5 3. Bf4 c5 4. e3 Nc6 5. Nc3 a6 6. dxc5 Qa5 7. a3 Qxc5 8. Na4 Qa5+ 9. Nc3 Qc5 10. Bd3 Bg4 11. h3 Bh5 12. Bg5 e6 13. O-O Bg6 14. Re1 Be7 15. e4 dxe4 16. Bxe4 Nxe4 17. Nxe4 Bxe4 18. Bxe7 Qxe7 19. Rxe4 Rd8 20. Qe2 O-O 21. Re1 Qf6 22. c3 h6 23. Qe3 Rd7 24. Rf4 Qg6 25. Rg4 Qh7 26. Nd2 Rfd8 27. Ne4 Kh8 28. Rh4 Rd3 29. Qf4 Qf5 30. Qxf5 exf5 31. Nc5 Rd1 32. Rxd1 Rxd1+ 33. Kh2 Rd2 34. b4 Ne5 35. Rd4 Rxf2 36. Rd8+ Kh7 37. Nxb7 f4 38. Kg1 Rc2 39. Rd5 Nc4 40. Rd4 Ne3 41. Rxf4 Rxg2+ 42. Kh1 Kg6 43. Rf3 Re2 44. Nc5 Nf5 45. Nxa6 Nh4 46. Rg3+ Kh5 47. Nc5 g5 48. Kg1 f5 49. Kf1 Ra2 50. a4 f4 51. Rd3 g4 52. hxg4+ Kxg4 53. Ne4 f3 54. Rd4 Ng2 55. Nf2+ Kg3 56. Rg4+ Kh2 57. Rd4 Re2 58. Nd1 Re1+ 59. Kf2 1-0


[Site "https://www.chess.com"]

[Event "Titled Tuesday Blitz August 15 Late 2023"]
[White "Papasimakopoulos, Alexandros"]
[Black "arenal72"]
[WhiteFideId "4244125"]
[WhiteElo "2693"]
[BlackElo "2501"]
[Result "1-0"]
[Round "10"]
[TimeControl "180+1"]
[Date "2023.08.15"]
[WhiteClock "0:01:28"]
[BlackClock "0:00:06"]
[Board "42"]

1. b3 a5 2. a4 g6 3. Bb2 Nf6 4. g4 Bg7 5. g5 Nh5 6. Qc1 d5 7. e3 c5 8. Be2 e5 9. Bxh5 gxh5 10. f4 Nc6 11. Nf3 d4 12. fxe5 Bg4 13. O-O Bxf3 14. Rxf3 Nxe5 15. Rf2 Qxg5+ 16. Rg2 Qh6 17. Na3 dxe3 18. dxe3 O-O-O 19. Kh1 h4 20. Qf1 f6 21. Qf5+ Rd7 22. Rag1 Rg8 23. Bxe5 fxe5 24. Nc4 h3 25. Rg3 Qc6+ 26. e4 Rf8 27. Qxh7 Bh6 28. Qxd7+ Qxd7 29. Nb6+ Kc7 30. Nxd7 Kxd7 31. Rxh3 Bf4 32. Rg6 Kc8 33. Rh7 Rd8 34. Rgg7 Rd1+ 35. Kg2 Rd2+ 36. Kf3 Kb8 37. Rxb7+ Ka8 38. Rbd7 Rxc2 39. Rd8# 1-0


[Site "https://www.chess.com"]

[Event "Titled Tuesday Blitz August 15 Late 2023"]
[White "Paszewski, Mateusz"]
[Black "Kirillov, Dmitry"]
[WhiteFideId "1141058"]
[BlackFideId "34180572"]
[WhiteElo "2586"]
[BlackElo "2485"]
[Result "0-1"]
[Round "10"]
[TimeControl "180+1"]
[Date "2023.08.15"]
[WhiteClock "0:00:05"]
[BlackClock "0:00:04"]
[Board "43"]

1. e4 e5 2. Nf3 Nc6 3. Bc4 Nf6 4. d3 Bc5 5. O-O O-O 6. h3 d6 7. c3 a6 8. a4 Ba7 9. Re1 h6 10. Nbd2 Be6 11. b4 Bxc4 12. Nxc4 Re8 13. Bb2 d5 14. exd5 Qxd5 15. Ne3 Qd7 16. b5 Na5 17. c4 e4 18. Bxf6 exf3 19. Bc3 fxg2 20. Qf3 Nb3 21. Rab1 Nd4 22. Qxg2 Bc5 23. Nd5 Kh8 24. Bxd4 Bxd4 25. Re4 Ba7 26. Rbe1 c6 27. Nf4 axb5 28. axb5 cxb5 29. Nd5 bxc4 30. dxc4 Rxe4 31. Rxe4 Re8 32. Rxe8+ Qxe8 33. Qf3 Qe6 34. Kg2 Bc5 35. Qf4 b6 36. Qb8+ Kh7 37. Qf4 f5 38. Qf3 g5 39. h4 Kg6 40. h5+ Kh7 41. Qd3 Kg7 42. Nc3 Qc6+ 43. Nd5 Qe6 44. Qc3+ Kf7 45. Qh8 Qe4+ 46. Kg1 Qe1+ 47. Kg2 Qxf2+ 48. Kh3 g4# 0-1


[Site "https://www.chess.com"]

[Event "Titled Tuesday Blitz August 15 Late 2023"]
[White "Tsyhanchuk, Stanislav"]
[Black "Gamayev, Oleg"]
[WhiteFideId "13505130"]
[BlackFideId "2802813"]
[WhiteElo "2466"]
[BlackElo "2574"]
[Result "1/2-1/2"]
[Round "10"]
[TimeControl "180+1"]
[Date "2023.08.15"]
[WhiteClock "0:00:06"]
[BlackClock "0:01:39"]
[Board "44"]

1. c4 d6 2. Nc3 Nf6 3. d4 e5 4. dxe5 dxe5 5. Qxd8+ Kxd8 6. Nf3 Nfd7 7. Be3 f6 8. O-O-O c6 9. g3 Kc7 10. h4 Na6 11. a3 Bc5 12. Bxc5 Naxc5 13. b4 Ne6 14. e3 a5 15. Kb2 axb4 16. axb4 Nb6 17. Ra1 Rxa1 18. Kxa1 Bd7 19. Be2 Ra8+ 20. Kb2 Na4+ 21. Nxa4 Rxa4 22. Kb3 c5 23. b5 Rb4+ 24. Kc3 Nd8 25. Rd1 Be6 26. Ne1 Nf7 27. Ra1 Nd6 28. Nc2 Bxc4 29. Nxb4 cxb4+ 30. Kd2 Bxe2 31. Kxe2 Nxb5 32. Kd3 Kc6 33. Kc4 Na3+ 34. Kb3 b5 35. Rd1 Nc4 36. Kxb4 Nd6 37. h5 g6 38. h6 Ne4 39. Rc1+ Kd6 40. Rc2 f5 41. Kxb5 g5 42. Rc6+ Ke7 43. Rc7+ Kf6 44. Rxh7 Kg6 45. Rh8 Nxf2 46. Rf8 Ng4 47. h7 Kxh7 48. Rxf5 Nxe3 49. Rxe5 Nf1 50. Rxg5 Kh6 51. Rg4 Ne3 52. Rf4 Kg5 53. Kc5 Nf5 54. Rf3 Kg4 55. Rf4+ Kg5 56. Kd5 Nxg3 57. Ke5 Nh5 58. Rf1 Kg4 59. Rf5 Ng3 60. Rf8 Ne2 61. Ke4 Nc3+ 62. Ke5 Kg3 63. Kd4 Nb5+ 64. Ke3 Kg4 65. Rf6 Nc3 66. Rg6+ Kf5 67. Rd6 Ke5 68. Rh6 Nd5+ 69. Kf3 Kd4 70. Rh5 Ne3 71. Rh4+ Kd3 72. Rh8 Nc4 73. Rd8+ Kc3 74. Ke2 Ne5 75. Rc8+ Kd4 76. Rd8+ Ke4 77. Ra8 Kd4 78. Ra4+ Nc4 79. Rb4 Kc5 80. Rb8 Kd4 81. Rd8+ Ke4 82. Rh8 Kd4 83. Rh4+ Kd5 84. Kd3 Ne5+ 85. Ke3 Nc4+ 86. Kf4 Kd4 87. Kf3+ Kd3 88. Rh8 Ne5+ 89. Kf4 Ng6+ 90. Kg5 Nxh8 1/2-1/2


[Site "https://www.chess.com"]

[Event "Titled Tuesday Blitz August 15 Late 2023"]
[White "Leenhouts, Koen"]
[Black "Baghdasaryan, Vahe"]
[WhiteFideId "1008439"]
[BlackFideId "13303139"]
[WhiteElo "2574"]
[BlackElo "2439"]
[Result "1-0"]
[Round "10"]
[TimeControl "180+1"]
[Date "2023.08.15"]
[WhiteClock "0:02:12"]
[BlackClock "0:00:15"]
[Board "45"]

1. e4 e5 2. Nf3 Nc6 3. Bb5 a6 4. Ba4 Nf6 5. d3 d6 6. O-O b5 7. Bb3 Na5 8. Nc3 Nxb3 9. axb3 Bg4 10. Bg5 Be7 11. Bxf6 gxf6 12. Qe2 Rg8 13. Qe3 f5 14. exf5 Bxf5 15. d4 Bh3 16. Ne1 exd4 17. Qxh3 dxc3 18. bxc3 Bf6 19. Qxh7 Rh8 20. Qe4+ Kf8 21. Qd3 Qd7 22. Nf3 Qg4 23. Rfe1 Rg8 24. g3 Qg7 25. Qe4 Rd8 26. Rxa6 Bxc3 27. Qe7# 1-0


[Site "https://www.chess.com"]

[Event "Titled Tuesday Blitz August 15 Late 2023"]
[White "Todorovic, Bojan"]
[Black "Graif, William"]
[WhiteFideId "917087"]
[BlackFideId "2609835"]
[WhiteElo "2437"]
[BlackElo "2558"]
[Result "1/2-1/2"]
[Round "10"]
[TimeControl "180+1"]
[Date "2023.08.15"]
[WhiteClock "0:00:53"]
[BlackClock "0:00:06"]
[Board "46"]

1. d4 Nf6 2. c4 e6 3. Nf3 d5 4. Bg5 a6 5. e3 Be7 6. Nc3 O-O 7. cxd5 exd5 8. Qc2 Be6 9. Bd3 Nbd7 10. O-O c6 11. Ne5 h6 12. Bf4 Nh5 13. Nxd7 Qxd7 14. Be5 f6 15. Bg3 Nxg3 16. hxg3 f5 17. Ne2 g5 18. f4 g4 19. Kf2 Kg7 20. Nc1 h5 21. Be2 h4 22. gxh4 Bxh4+ 23. g3 Bf6 24. Nd3 Rh8 25. Rh1 Rxh1 26. Rxh1 Rh8 27. Rxh8 Kxh8 28. Ne5 Bxe5 29. fxe5 Qh7 30. Bf1 Qh2+ 31. Bg2 Qh6 32. Qc5 Qg7 33. Qd6 Qd7 34. Qf8+ Kh7 35. Bf1 Qf7 36. Qd6 Qd7 37. Qb8 Qf7 38. Bd3 Kg7 39. Qd6 Qd7 40. Qb8 Kg6 41. Qh8 Qg7 42. Qe8+ Qf7 43. Qh8 Qg7 44. Qh4 Qf7 45. b4 Kg7 46. Qg5+ Qg6 47. Qe7+ Qf7 48. Qxf7+ Kxf7 49. a4 b5 50. a5 Ke7 51. Bc2 Kf7 52. Ke2 Ke7 53. Kf2 Kf7 1/2-1/2


[Site "https://www.chess.com"]

[Event "Titled Tuesday Blitz August 15 Late 2023"]
[White "Balla, Tamas-Kristof"]
[Black "Budrewicz, Krzysztof"]
[WhiteFideId "1208497"]
[BlackFideId "1127950"]
[WhiteElo "2430"]
[BlackElo "2556"]
[Result "1-0"]
[Round "10"]
[TimeControl "180+1"]
[Date "2023.08.15"]
[WhiteClock "0:00:21"]
[BlackClock "0:00:00"]
[Board "47"]

1. e4 e5 2. Nf3 Nc6 3. d4 exd4 4. Nxd4 Bc5 5. Nb3 Bb6 6. Nc3 Nf6 7. Qe2 O-O 8. Be3 Bxe3 9. Qxe3 Re8 10. f3 d6 11. O-O-O Be6 12. Nd4 Nxd4 13. Qxd4 Qe7 14. Bc4 a6 15. Bxe6 Qxe6 16. Kb1 h6 17. h4 Qe5 18. Qf2 b6 19. g4 Qf4 20. g5 Nxe4 21. Nxe4 Rxe4 22. gxh6 g6 23. h5 g5 24. Rdg1 f6 25. Rg4 Qe3 26. Qg3 Re6 27. a3 Kh7 28. Qg2 Qe2 29. Qg3 Re3 30. Rf4 Rf8 31. Rf5 Re5 32. Qg4 Kxh6 33. Rxe5 Qxe5 34. Qd7 Qe8 35. Qxc7 Qd8 36. Qb7 a5 37. Qe4 Qe8 38. Qd3 f5 39. Qxd6+ Kh7 40. h6 Qf7 41. Qxb6 Qf6 42. Qxa5 Rf7 43. Qd2 g4 44. fxg4 fxg4 45. Qd3+ Kh8 46. Rg1 Qg5 47. Qd4+ Kh7 48. Rxg4 Rf1+ 49. Ka2 Qxh6 50. Qd3+ Kh8 51. Qd4+ Kh7 52. Rh4 1-0


[Site "https://www.chess.com"]

[Event "Titled Tuesday Blitz August 15 Late 2023"]
[White "Blackburn, Jonathan L B"]
[Black "Nanu, Costica-Ciprian"]
[WhiteFideId "1801090"]
[BlackFideId "1204580"]
[WhiteElo "2433"]
[BlackElo "2555"]
[Result "0-1"]
[Round "10"]
[TimeControl "180+1"]
[Date "2023.08.15"]
[WhiteClock "0:00:02"]
[BlackClock "0:01:19"]
[Board "48"]

1. d4 Nf6 2. c4 e6 3. Nf3 b6 4. g3 Bb4+ 5. Bd2 Be7 6. Bg2 c6 7. Nc3 d5 8. b3 O-O 9. O-O Nbd7 10. Qc2 Ba6 11. Rfd1 Rc8 12. e4 dxe4 13. Nxe4 Nxe4 14. Qxe4 Nf6 15. Qe1 Qc7 16. Bf4 Bd6 17. Bxd6 Qxd6 18. Qe5 Rfd8 19. Rd2 Bb7 20. Rad1 h6 21. Qxd6 Rxd6 22. c5 bxc5 23. dxc5 Rxd2 24. Rxd2 Ne4 25. Rc2 Rd8 26. Kf1 Ba6+ 27. Ke1 Bd3 28. Rc1 f6 29. Rd1 Nxc5 30. b4 Na6 31. a3 Rd5 32. Rd2 Be4 33. Rxd5 cxd5 34. Nh4 Bxg2 35. Nxg2 Kf7 36. Kd2 Ke7 37. Kd3 Kd6 38. Nf4 g5 39. Nh5 f5 40. f4 e5 41. fxg5 hxg5 42. h4 gxh4 43. gxh4 e4+ 44. Kd4 Nc7 45. a4 Ne6+ 46. Ke3 d4+ 47. Ke2 f4 48. Nf6 Ke5 49. Nd7+ Kf5 50. b5 f3+ 51. Ke1 e3 52. a5 d3 53. b6 axb6 54. axb6 f2+ 55. Kf1 d2 56. b7 d1=Q+ 57. Kg2 Qg1+ 58. Kf3 f1=Q# 0-1


[Site "https://www.chess.com"]

[Event "Titled Tuesday Blitz August 15 Late 2023"]
[White "chessmateto"]
[Black "Grossboss19"]
[WhiteElo "2430"]
[BlackElo "2554"]
[Result "0-1"]
[Round "10"]
[TimeControl "180+1"]
[Date "2023.08.15"]
[WhiteClock "0:00:37"]
[BlackClock "0:01:11"]
[Board "49"]

1. c4 Nf6 2. Nc3 c5 3. g3 g6 4. Bg2 Bg7 5. Nf3 O-O 6. O-O a6 7. d4 cxd4 8. Nxd4 Nc6 9. e4 d6 10. Rb1 Bd7 11. Nc2 Rc8 12. f3 Ne5 13. b3 b5 14. f4 Neg4 15. h3 Qb6+ 16. Qd4 Qxd4+ 17. Nxd4 Nxe4 18. Nxe4 Bxd4+ 19. Kh1 Nf6 20. Bb2 Bxb2 21. Rxb2 Nxe4 22. Bxe4 bxc4 23. Bb7 Bc6+ 24. Bxc6 Rxc6 25. Rc1 Rfc8 26. bxc4 Rxc4 27. Rxc4 Rxc4 28. Kg2 d5 29. Kf3 e6 30. Kg4 Kg7 31. Kh4 h5 32. Kg5 Ra4 33. g4 f6+ 34. Kh4 Rxf4 35. a4 Rxa4 36. Rb7+ Kh6 37. Rf7 g5+ 38. Kg3 Ra3+ 39. Kf2 Kg6 40. Re7 hxg4 41. Rxe6 gxh3 42. Kg1 d4 43. Kh1 a5 44. Re2 a4 45. Rd2 d3 46. Kh2 Kf5 47. Kxh3 Ke4 48. Kg3 Ke3 49. Rf2 d2 50. Rf3+ Ke2 51. Rxa3 d1=Q 52. Kh2 Qd6+ 53. Rg3 Kf2 54. Kh1 Kxg3 0-1


[Site "https://www.chess.com"]

[Event "Titled Tuesday Blitz August 15 Late 2023"]
[White "Arnold, Ken"]
[Black "Bilan, Danila"]
[WhiteFideId "2056836"]
[BlackFideId "24161918"]
[WhiteElo "2423"]
[BlackElo "2546"]
[Result "0-1"]
[Round "10"]
[TimeControl "180+1"]
[Date "2023.08.15"]
[WhiteClock "0:00:00"]
[BlackClock "0:00:08"]
[Board "50"]

1. d4 d5 2. Nf3 Nf6 3. c3 c5 4. Bf4 Nc6 5. e3 Qb6 6. Qb3 c4 7. Qc2 Bf5 8. Qc1 Nh5 9. Bg3 Nxg3 10. hxg3 h6 11. Nbd2 e6 12. Be2 Bd6 13. Bd1 O-O 14. Bc2 Bxc2 15. Qxc2 f5 16. b3 cxb3 17. axb3 Rac8 18. Qd3 a6 19. O-O Nb8 20. c4 Bb4 21. Ne5 Qd8 22. c5 Nd7 23. Ndf3 Nf6 24. Ra4 a5 25. Qb5 Rc7 26. Nd3 Bc3 27. Rc1 Ne4 28. Nde5 Bb4 29. Qd3 g5 30. Ra2 Kg7 31. Rac2 f4 32. exf4 gxf4 33. g4 h5 34. c6 b6 35. Nd7 hxg4 36. Nxf8 Qxf8 37. Ne5 Qf6 38. Nxg4 Qh4 39. Qh3 Qxh3 40. gxh3 Kg6 41. Kg2 Kf5 42. Rd1 Nc3 43. Rd3 Rxc6 44. f3 Rc7 45. Nf2 Nb5 46. Rxc7 Nxc7 47. Ng4 Ne8 48. Ne5 Nd6 49. Rd1 Nb5 50. h4 Nc3 51. Rh1 Ne2 52. Nc6 Bf8 53. h5 Bh6 54. Kf2 Nc3 55. Rg1 Bg5 56. Rg4 Nb5 57. Ke2 Nc3+ 58. Kd3 Nd1 59. Ne5 Nf2+ 60. Ke2 Nxg4 61. Nxg4 b5 62. Kd3 Be7 63. Ne5 Bd6 64. Nc6 a4 65. bxa4 bxa4 66. Kc3 Kg5 67. Na7 Kxh5 68. Nb5 Be7 69. Nc7 Kh4 70. Nxe6 Kg3 71. Nc7 Kxf3 72. Nxd5 Bd6 73. Kd3 a3 74. Nc3 Kg2 75. Kc2 f3 76. Ne4 f2 77. Nxf2 Kxf2 78. Kb3 Ke3 79. d5 Ke4 0-1


[Site "https://www.chess.com"]

[Event "Titled Tuesday Blitz August 15 Late 2023"]
[White "sebastianmarinp"]
[Black "Musovic, Armin"]
[BlackFideId "939935"]
[WhiteElo "2416"]
[BlackElo "2544"]
[Result "0-1"]
[Round "10"]
[TimeControl "180+1"]
[Date "2023.08.15"]
[WhiteClock "0:00:03"]
[BlackClock "0:01:20"]
[Board "51"]

1. e4 c6 2. d4 d5 3. Nd2 dxe4 4. Nxe4 Nf6 5. Nxf6+ exf6 6. Be3 Bd6 7. Qd2 O-O 8. O-O-O Re8 9. Bf4 Bf8 10. Kb1 Na6 11. Bxa6 bxa6 12. Ne2 Be6 13. Nc3 Bb4 14. Qd3 Qa5 15. a3 Bxa3 16. bxa3 Qxa3 17. Nb5 Qa2+ 18. Kc1 axb5 19. Kd2 Bc4 20. Qc3 Re2+ 21. Kc1 Rxf2 22. Bg3 Re2 23. Rhe1 Rae8 24. Rxe2 Rxe2 25. Re1 Rxe1+ 26. Bxe1 h5 27. Qa5 Qxa5 28. Bxa5 h4 29. g3 hxg3 30. hxg3 g5 31. Kd2 Kh7 32. Ke3 Kg6 33. Bd8 f5 34. Bc7 Kh5 35. Kf2 Kg4 36. Kg2 Bd5+ 37. Kf2 Kh3 38. Ke3 Kg4 39. c3 Be4 40. Kf2 a5 41. Bxa5 f4 42. gxf4 Kxf4 43. Bc7+ Kg4 44. Ke3 Bd5 45. Kf2 f5 46. Bd6 f4 47. Bc7 Kf5 48. Bb8 g4 49. Bc7 g3+ 50. Kg1 Kg4 51. Kf1 f3 52. Kg1 f2+ 53. Kf1 Bc4+ 0-1


[Site "https://www.chess.com"]

[Event "Titled Tuesday Blitz August 15 Late 2023"]
[White "Sreyas Payyappat"]
[Black "Carrasco Miranda, Andres"]
[WhiteFideId "46674969"]
[BlackFideId "3405990"]
[WhiteElo "2543"]
[BlackElo "2364"]
[Result "1-0"]
[Round "10"]
[TimeControl "180+1"]
[Date "2023.08.15"]
[WhiteClock "0:02:19"]
[BlackClock "0:01:42"]
[Board "52"]

1. e4 e5 2. Nf3 Nc6 3. Bc4 Bc5 4. c3 Nf6 5. d4 exd4 6. e5 d5 7. Bb5 Ne4 8. cxd4 Bb6 9. Nc3 Bg4 10. Be3 O-O 11. h3 Bh5 12. Qc2 Nxc3 13. Bxc6 bxc6 14. Qxc3 c5 15. dxc5 Bxf3 16. gxf3 d4 17. Bxd4 Ba5 18. b4 Bxb4 19. Qxb4 Qd5 20. Qc3 1-0


[Site "https://www.chess.com"]

[Event "Titled Tuesday Blitz August 15 Late 2023"]
[White "MFatigue"]
[Black "Kovacevic, Radmila"]
[BlackFideId "933171"]
[WhiteElo "2510"]
[BlackElo "2272"]
[Result "1-0"]
[Round "10"]
[TimeControl "180+1"]
[Date "2023.08.15"]
[WhiteClock "0:00:08"]
[BlackClock "0:00:00"]
[Board "53"]

1. e4 e5 2. Nf3 d5 3. d4 dxe4 4. Nxe5 Bd6 5. Nc4 Be7 6. Nc3 Nf6 7. Bg5 O-O 8. Be2 h6 9. Bh4 Bf5 10. O-O Nc6 11. Ne3 Bh7 12. d5 Ne5 13. Qd4 Nc6 14. Qa4 Ne5 15. Bg3 Bd6 16. Nb5 a6 17. Nxd6 cxd6 18. Bxe5 dxe5 19. Rfd1 b5 20. Qb3 Qd6 21. a4 b4 22. Nc4 Qb8 23. a5 Nd7 24. Nb6 Nxb6 25. axb6 Qxb6 26. c4 Qc5 27. Qe3 Qa7 28. Qxa7 Rxa7 29. Ra5 f5 30. c5 Rd8 31. Rxa6 Rc7 32. c6 Kf7 33. d6 Rcc8 34. Bc4+ Kf8 35. Bb3 Bg8 36. Bxg8 Kxg8 37. d7 Rc7 38. Rb6 Kf7 39. Kf1 Ke7 40. Ke2 f4 41. Rxb4 Rxc6 42. Rxe4 Re6 43. Rd5 Rxd7 44. Rdxe5 Rxe5 45. Rxe5+ Kf6 46. Rb5 1-0


[Site "https://www.chess.com"]

[Event "Titled Tuesday Blitz August 15 Late 2023"]
[White "GaiozNigalidze"]
[Black "Merino Garcia, Rafael II"]
[BlackFideId "2209128"]
[WhiteElo "2695"]
[BlackElo "2489"]
[Result "0-1"]
[Round "10"]
[TimeControl "180+1"]
[Date "2023.08.15"]
[WhiteClock "0:00:06"]
[BlackClock "0:00:35"]
[Board "54"]

1. e4 d6 2. b4 Nd7 3. c4 e5 4. Nc3 g6 5. Nf3 Bg7 6. g4 Ne7 7. h4 O-O 8. h5 f5 9. hxg6 hxg6 10. gxf5 gxf5 11. Ng5 Nf6 12. Qf3 f4 13. c5 Bg4 14. Bc4+ d5 15. Nxd5 Nexd5 16. Bxd5+ Qxd5 17. Qxg4 Nxe4 18. Qf3 Nf6 19. Qxd5+ Nxd5 20. Ne4 Nxb4 21. Rb1 a5 22. Ba3 Nc2+ 23. Kd1 Nxa3 24. Rxb7 Rab8 25. Rxb8 Rxb8 26. Ke2 Nc2 27. Kd3 Nd4 28. Kc4 c6 29. Rg1 Rb4+ 30. Kd3 Rb2 31. Rg6 Rxa2 32. Rd6 Ra3+ 33. Kc4 Ra4+ 34. Kd3 Nf5 35. Rd8+ Kh7 36. f3 Rd4+ 0-1


[Site "https://www.chess.com"]

[Event "Titled Tuesday Blitz August 15 Late 2023"]
[White "Goltsev, Dmitry"]
[Black "Gurevich, Dmitry"]
[WhiteFideId "24176710"]
[BlackFideId "2000407"]
[WhiteElo "2624"]
[BlackElo "2477"]
[Result "1-0"]
[Round "10"]
[TimeControl "180+1"]
[Date "2023.08.15"]
[WhiteClock "0:00:49"]
[BlackClock "0:00:52"]
[Board "55"]

1. e4 c5 2. Nf3 d6 3. d4 cxd4 4. Nxd4 Nf6 5. Nc3 Nc6 6. f3 Nxd4 7. Qxd4 g6 8. Bg5 Bg7 9. Qd2 h6 10. Be3 Be6 11. Bb5+ Bd7 12. Bc4 Rc8 13. Bb3 a5 14. O-O-O b5 15. a4 bxa4 16. Nxa4 Rb8 17. g4 Qc7 18. Kb1 O-O 19. Bxh6 Bxa4 20. Bxg7 Kxg7 21. Bxa4 Rb4 22. Bb3 Rfb8 23. g5 Nh5 24. Qd5 e6 25. Qxd6 Qxd6 26. Rxd6 a4 27. Ba2 Rxb2+ 28. Ka1 Rxc2 29. Ra6 Rb4 30. Ra7 Nf4 31. h4 Rf2 32. Rb1 Rxb1+ 33. Kxb1 Rxf3 34. Rxa4 Rh3 35. e5 Rxh4 36. Bb3 Ne2 37. Rxh4 1-0


[Site "https://www.chess.com"]

[Event "Titled Tuesday Blitz August 15 Late 2023"]
[White "Bochnicka, Vladimir"]
[Black "Papayan, Oleg"]
[WhiteFideId "14943450"]
[BlackFideId "4193911"]
[WhiteElo "2469"]
[BlackElo "2615"]
[Result "1/2-1/2"]
[Round "10"]
[TimeControl "180+1"]
[Date "2023.08.15"]
[WhiteClock "0:00:33"]
[BlackClock "0:00:07"]
[Board "56"]

1. e4 d5 2. exd5 Qxd5 3. Nc3 Qd8 4. d4 c6 5. Nf3 Bf5 6. Bf4 e6 7. Bd3 Bxd3 8. Qxd3 Bd6 9. Bxd6 Qxd6 10. O-O Nf6 11. Rfe1 Nbd7 12. Ne4 Nxe4 13. Qxe4 Nf6 14. Qe2 O-O 15. Rad1 Rfd8 16. c4 h6 17. Ne5 Nd7 18. c5 Qd5 19. Nc4 b5 20. Nd6 Qxa2 21. Qf3 Nf6 22. Qxc6 Qxb2 23. Qb7 Rf8 24. c6 Rad8 25. Nxb5 Rb8 26. Rb1 Rxb7 27. Rxb2 Rb6 28. c7 a6 29. Rc2 axb5 30. c8=Q Rxc8 31. Rxc8+ Kh7 32. Rc7 Kg6 33. f3 Nd5 34. Rd7 b4 35. Rb1 Rc6 36. Rxd5 exd5 37. Rxb4 Kf5 38. Kf2 Rc2+ 39. Kg3 g5 40. Rb7 f6 41. Rb5 Ke6 42. Rb6+ Kf5 43. Kh3 h5 44. g4+ hxg4+ 45. fxg4+ Kg6 46. Rd6 Rc3+ 47. Kg2 Rc2+ 48. Kg3 Rc3+ 49. Kf2 Rc2+ 50. Ke3 Rxh2 51. Rxd5 Rg2 52. Kf3 Rd2 53. Rd8 Kf7 54. Ke4 Rf2 55. d5 Rf4+ 56. Ke3 Rxg4 57. d6 Ke6 58. d7 Ke7 59. Rf8 Kxd7 60. Rxf6 Ke7 61. Rg6 Kf7 62. Rh6 Kg7 63. Rh3 Kg6 64. Kf3 Ra4 65. Rh2 Ra3+ 66. Kg4 Ra4+ 67. Kg3 Kf5 68. Rf2+ Kg6 69. Rb2 Ra3+ 70. Kg4 Ra4+ 71. Kg3 Kh5 72. Rh2+ Kg6 73. Rb2 1/2-1/2


[Site "https://www.chess.com"]

[Event "Titled Tuesday Blitz August 15 Late 2023"]
[White "Vlassov, Nikolai"]
[Black "Bueno, Alfeu Junior Varela"]
[WhiteFideId "4103360"]
[BlackFideId "2108879"]
[WhiteElo "2591"]
[BlackElo "2462"]
[Result "1-0"]
[Round "10"]
[TimeControl "180+1"]
[Date "2023.08.15"]
[WhiteClock "0:01:30"]
[BlackClock "0:00:08"]
[Board "57"]

1. e4 e6 2. c4 d5 3. cxd5 exd5 4. Qb3 Nf6 5. e5 Ne4 6. d4 Nc6 7. Bb5 Bd7 8. Ne2 a6 9. Bxc6 Bxc6 10. h4 Be7 11. g3 O-O 12. f3 Nxg3 13. Nxg3 Bxh4 14. Kf2 Bxg3+ 15. Kxg3 f6 16. e6 Qd6+ 17. Bf4 Qxe6 18. Nc3 g5 19. Bxc7 f5 20. Be5 f4+ 21. Kf2 Rf5 22. Rae1 Qg6 23. Nxd5 Kf8 24. Qb4+ 1-0


[Site "https://www.chess.com"]

[Event "Titled Tuesday Blitz August 15 Late 2023"]
[White "Kubatko, Ivan"]
[Black "Pinheiro, Iung Alicio de O."]
[WhiteFideId "24111473"]
[BlackFideId "2104350"]
[WhiteElo "2456"]
[BlackElo "2587"]
[Result "0-1"]
[Round "10"]
[TimeControl "180+1"]
[Date "2023.08.15"]
[WhiteClock "0:00:00"]
[BlackClock "0:00:10"]
[Board "58"]

1. e4 c5 2. c3 d5 3. exd5 Qxd5 4. d4 g6 5. Nf3 Bg7 6. dxc5 Qxc5 7. Be3 Qa5 8. Na3 Nf6 9. Nb5 O-O 10. b4 Qa6 11. Nc7 Qc6 12. Nxa8 Ne4 13. Bd4 Nxc3 14. Qc1 Rd8 15. b5 Qe4+ 16. Qe3 Bxd4 17. Qxe4 Nxe4 18. Rc1 Bxf2+ 19. Ke2 Bg4 20. Rc2 Nd7 21. Nc7 Ne5 22. h3 Ng3+ 23. Kxf2 Nxh1+ 24. Kg1 Bxf3 25. gxf3 Ng3 26. Kf2 Nf5 27. Be2 Nd6 28. Nd5 Kf8 29. Ne3 Nd7 30. a4 Rc8 31. Rd2 Nc5 32. Bc4 Nxa4 33. Bd5 Nc5 34. Rc2 Ke8 35. Ke2 Kd8 36. Ba2 Nd7 37. Rd2 Rc3 38. Ng4 h5 39. Nh6 Ke8 40. Kd1 Ne5 41. f4 Nec4 42. Re2 Ne3+ 43. Ke1 Ra3 44. Bb1 Nd5 45. Rb2 Nxf4 46. Kd1 Nd5 47. Kc1 Nc3 48. Bd3 Ra1+ 49. Kd2 Na4 50. Rb4 Nb6 51. Be2 Ra2+ 52. Ke1 Ra1+ 53. Kf2 Ra2 54. Kf1 Nd5 55. Rd4 Ne3+ 56. Ke1 Nef5 57. Rd2 Ra1+ 58. Bd1 Nxh6 59. Kf2 Nhf5 60. Bb3 Ne4+ 0-1


[Site "https://www.chess.com"]

[Event "Titled Tuesday Blitz August 15 Late 2023"]
[White "Przybylski, Wojciech"]
[Black "Radivojevic, Ivan"]
[WhiteFideId "1117599"]
[BlackFideId "928461"]
[WhiteElo "2556"]
[BlackElo "2446"]
[Result "1-0"]
[Round "10"]
[TimeControl "180+1"]
[Date "2023.08.15"]
[WhiteClock "0:01:02"]
[BlackClock "0:00:04"]
[Board "59"]

1. e4 c6 2. d4 d5 3. Nc3 dxe4 4. Nxe4 Nf6 5. Nc3 Bf5 6. Nf3 e6 7. g3 Bd6 8. Bg2 Nbd7 9. O-O Qc7 10. a4 O-O-O 11. a5 a6 12. Be3 h5 13. Bg5 Bg4 14. h3 Bxf3 15. Qxf3 Rdf8 16. h4 Nd5 17. Ne4 f6 18. Bd2 g5 19. c4 gxh4 20. cxd5 exd5 21. Nxd6+ Qxd6 22. Bf4 Qb4 23. gxh4 Rfg8 24. Qc3 Qf8 25. Rac1 Rg4 26. Bg3 Qf7 27. Bh3 Rg7 28. Qf3 Kd8 29. Qf5 Rhg8 30. Kh2 Ke8 31. Rfe1+ Kd8 32. Re3 Re8 33. Rce1 Rxe3 34. Rxe3 1-0


[Site "https://www.chess.com"]